 Dungeon Crawl Stone Soup version 0.27-a0-1325-g58a489ad9e (webtiles) character file.

Game seed: 1746838431692452798

198 Nattfarinn the Stinger (level 5, 0/42 HPs)
             Began as a Naga Venom Mage on June 23, 2021.
             Slain by a water moccasin zombie (2 damage)
             ... on level 3 of the Dungeon.
             The game lasted 00:06:20 (3990 turns).

Nattfarinn the Stinger (Naga Venom Mage)            Turns: 3990, Time: 00:06:21

Health: 0/42       AC:  4    Str:  9 (11) XL:     5   Next: 76%
Magic:  9/9        EV:  9    Int: 13 (16) God:
Gold:   105        SH:  0    Dex:  8 (11) Spells: 5/10 levels left

rFire    . . .     SeeInvis +   h - staff of air
rCold    . . .     Faith    .   (no shield)
rNeg     . . .     Spirit   .   a - +0 robe
rPois    +         Reflect  .   (no helmet)
rElec    +         Harm     .   p - +1 cloak
rCorr    .         Rampage  .   (no gloves)
Will     .....                  (no barding)
Stlth    ++........             (no amulet)
HPRegen  0.14/turn              (no ring)
MPRegen  0.11/turn              (no ring)

@: flying, very slow
A: AC +1, large, see invisible, deformed body, poison resistance, slowness 2,
spit poison 1, naga tail 1
a: Spit Poison


You were on level 3 of the Dungeon.
You visited 1 branch of the dungeon, and saw 3 of its levels.

You collected 105 gold pieces.

Inventory:

Armour
 a - a +0 robe (worn)
 p - a +1 cloak (worn)
Magical Staves
 h - a staff of air (weapon)
Jewellery
 i - an amulet of guardian spirit
Scrolls
 b - 2 scrolls of amnesia {unknown}
 c - 2 scrolls of identify {unknown}
 d - a scroll of fog {unknown}
 e - 3 scrolls of magic mapping {unknown}
 f - a scroll of teleportation {unknown}
 k - a scroll of enchant weapon {unknown}
 m - a scroll of acquirement {unknown}
Potions
 g - a potion of flight
 l - a potion of brilliance {unknown}
 n - a potion of curing {unknown}
 o - a potion of ambrosia {unknown}


   Skills:
 - Level 1.5 Dodging
 - Level 3.0 Stealth
 * Level 3.3 Spellcasting
 - Level 1.0 Transmutations
 - Level 7.2 Poison Magic


You had 5 spell levels left.
You knew the following spells:

 Your Spells              Type           Power      Damage    Failure   Level
a - Sting                 Tmut/Pois      48%        1d5       4%          1
b - Olgreb's Toxic Radia  Pois           21%        N/A       11%         4

Your spell library contained the following spells:

 Spells                   Type           Power      Damage    Failure   Level
 Poisonous Vapours        Pois/Air       34%        N/A       8%          2
 Ignite Poison            Fire/Tmut/Pois 9%         N/A       22%         3
 Mephitic Cloud           Conj/Pois/Air  12%        N/A       24%         3


Dungeon Overview and Level Annotations

Branches:
Dungeon (3/15)

Altars:


Innate Abilities, Weirdness & Mutations

Your serpentine skin is tough. (AC +1)
You have supernaturally acute eyesight. (SInv)
Armour fits poorly on your strangely shaped body.
Your system is resistant to poisons. (rPois)
You cover ground very slowly.
You can spit poison.
You have a snake-like lower body.


Message History

You hit the water moccasin zombie.
The water moccasin zombie is lightly damaged.
The water moccasin zombie bites you.
You hit the water moccasin zombie.
The water moccasin zombie is moderately damaged.
The water moccasin zombie bites you.
The water moccasin zombie bites you but does no damage.
You barely miss the water moccasin zombie.
The water moccasin zombie is moderately damaged.
The water moccasin zombie barely misses you.
You hit the water moccasin zombie.
The water moccasin zombie is moderately damaged.
The water moccasin zombie completely misses you.
The water moccasin zombie misses you.
You hit the water moccasin zombie.
The water moccasin zombie is heavily damaged.
The water moccasin zombie bites you.
You hit the water moccasin zombie.
The water moccasin zombie is heavily damaged.
The water moccasin zombie bites you. x2
You hit the water moccasin zombie but do no damage.
The water moccasin zombie is heavily damaged.
The water moccasin zombie bites you.
* * * LOW HITPOINT WARNING * * *
You barely miss the water moccasin zombie.
The water moccasin zombie is heavily damaged.
The water moccasin zombie bites you.
* * * LOW HITPOINT WARNING * * *
It was a potion of flight.
You feel very buoyant.
You fly up into the air.
The water moccasin zombie misses you. The water moccasin zombie bites you.
* * * LOW HITPOINT WARNING * * *
It was a potion of degeneration.
There was something very wrong with that liquid.
You feel weakened.
You feel dopey.
You feel clumsy. The water moccasin zombie bites you.
You die...

......)).....# #...## #.
.............#####..####### .
...............# ##.<......
...............# #........ ####
#..............# ##....... ...#
#..............# ###.#.#.
...###..............# #...#.
#....#.............## ##....
#.##............@.## ###.#.
#.###..#.#...###Z## #...#.
#......#..... #.# ##.....
##........#. #.# #..#.#.
##..))....#...........#.....##.#.
....)<....####.....##.#.#####....
#................#..# ##.....
..........####...##... #......
.#........# ##... #... #....>.


You could see a water moccasin zombie.

Vanquished Creatures
  Natasha (thrice) (D:2)
  4 adders
  3 worms
  2 dart slugs
  4 orcs (D:3)
  3 ball pythons
  5 bats
  8 endoplasms
  2 giant cockroaches
  5 goblins
  3 hobgoblins
  8 jackals
  8 kobolds
  6 frilled lizards
  6 rats
70 creatures vanquished.

Notes
Turn   | Place    | Note
-------+----------+-------------------------------------------
     0 | D:1      | Nattfarinn the Naga Venom Mage began the quest for the Orb.
     0 | D:1      | Reached XP level 1. HP: 15/15 MP: 3/3
   173 | D:1      | Reached XP level 2. HP: 2/22 MP: 0/5
   588 | D:1      | Reached skill level 5 in Poison Magic
  1162 | D:1      | Reached XP level 3. HP: 17/28 MP: 0/6
  1831 | D:1      | Found a faded altar of an unknown god.
  2105 | D:2      | Reached skill level 6 in Poison Magic
  2409 | D:2      | Reached XP level 4. HP: 36/36 MP: 2/7
  2540 | D:2      | Noticed Natasha
  2548 | D:2      | Killed Natasha
  2656 | D:2      | Noticed Natasha
  2661 | D:2      | Killed Natasha
  2662 | D:2      | Reached skill level 7 in Poison Magic
  2764 | D:2      | Reached XP level 5. HP: 29/42 MP: 0/8
  2986 | D:2      | Noticed Natasha
  2994 | D:2      | Killed Natasha
  3803 | D:3      | Learned a level 4 spell: Olgreb's Toxic Radiance
  3988 | D:3      | HP: 2/42 [water moccasin zombie (6)]
  3990 | D:3      | Slain by a water moccasin zombie

Illustrated notes

Levels and vault maps discovered:
D:1:      wander_arrival_fairy_ring, layout_loops_ring,
          shapermc_ecumenical_altar_mp_urbaneastern
D:2:      layout_rooms, uniq_natasha
D:3:      layout_rooms

Skill      XL: |  1  2  3  4  5 |
---------------+----------------+-----
Poison Magic   | 5 6 7 |  7.2
Spellcasting   | 3 |  3.3
Dodging        | |  1.5
Stealth        | |  3.0
Transmutations | |  1.0

Action                   |  1- 3 |  4- 6 || total
-------------------------+-------+-------++-------
Melee: Unarmed           |    30 |       ||    30
       Staff             |       |    31 ||    31
 Cast: Sting             |    76 |    84 ||   160
 Abil: Spit Poison       |     1 |       ||     1
  Use: Potion            |       |     2 ||     2
Armor: Robe              |     7 |    14 ||    21
Dodge: Dodged            |    34 |    28 ||    62

Table legend: (Time is in decaauts)
 A = Elapsed time spent in this place.
 B = Non-inter-level travel time spent in this place.
 C = Inter-level travel time spent in this place.
 D = Time resting spent in this place.
 E = Time spent auto-exploring this place.
 F = Levels seen in this place.
 G = Mean time per level.
                   A        B        C        D        E       F      G
               +--------+--------+--------+--------+--------+-----+--------+
         Total |   4507 |   4406 |    101 |   1235 |   2596 |   3 | 1502.3 |
       Dungeon |   4507 |   4406 |    101 |   1235 |   2596 |   3 | 1502.3 |
               +--------+--------+--------+--------+--------+-----+--------+

Top non-repeatable levels by time:
     D:1: 2144 daAuts
     D:2: 1579 daAuts
     D:3: 783 daAuts
